 Dungeon Crawl Stone Soup version 0.19.5 (webtiles) character file.

3012 Keye the Basher (level 9, -6/79 HPs)
             Began as a Minotaur Berserker on May 6, 2017.
             Was a High Priest of Trog.
             Shot with an arrow by a centaur (10 damage)
             ... on level 7 of the Dungeon.
             The game lasted 00:10:33 (5977 turns).

Keye the Basher (Minotaur Berserker)                Turns: 5977, Time: 00:10:34

Health: -6/79      AC:  6    Str: 22    XL:     9   Next: 55%
Magic:  8/8        EV: 16    Int:  4    God:    Trog [*****.]
Gold:   320        SH:  0    Dex: 16    Spells: 0 memorised, 8 levels left

rFire  . . .     SeeInvis .     J - +3 whip (flame)
rCold  . . .     Gourm    .     q - +0 leather armour
rNeg   . . .     Faith    +     (no shield)
rPois  .         Spirit   .     (helmet restricted)
rElec  .         Reflect  .     I - +0 cloak
rCorr  +         Harm     .     (no gloves)
MR     .....                    d - +0 pair of boots
Stlth  +.........               k - amulet of faith
                                n - +3 ring of dexterity
                                e - ring of resist corrosion

@: exhausted, slowed, very slow
A: retaliatory headbutt, horns 2
a: Berserk, Trog's Hand, Brothers in Arms, Burn Spellbooks, Renounce Religion


You were on level 7 of the Dungeon.
You worshipped Trog.
Trog was extremely pleased with you.
You were very hungry.

You visited 1 branch of the dungeon, and saw 7 of its levels.
You also visited: Sewer.

You collected 320 gold pieces.

Inventory:

Hand Weapons
 a - a +0 mace
 J - a +3 whip of flaming (weapon)
Armour
 b - a +0 animal skin
 d - a +0 pair of boots (worn)
 q - a +0 leather armour (worn)
 I - a +0 cloak (worn)
Jewellery
 e - a ring of resist corrosion (left hand)
 k - an amulet of faith (around neck)
 n - a +3 ring of dexterity (right hand)
Wands
 s - a wand of acid (11/15)
 y - a wand of paralysis (21/24)
 G - a wand of flame (28/48)
Scrolls
 f - 6 scrolls of remove curse
 h - 8 scrolls of identify
 i - 4 scrolls of fear
 p - 6 scrolls of teleportation
 u - a scroll of recharging
 x - 2 scrolls of enchant weapon
 A - a scroll of holy word {unknown}
Potions
 j - 2 potions of heal wounds
 l - a potion of berserk rage
 m - 2 potions of lignification
 o - a potion of invisibility
 t - a potion of brilliance {unknown}
 v - 2 potions of agility {unknown}
 w - 3 potions of haste {unknown}
 z - 2 potions of curing {unknown}
 B - a potion of degeneration {unknown}
 C - 2 potions of might {unknown}
 D - 2 potions of flight {unknown}
 H - a potion of ambrosia {unknown}
Books
 E - a book of Enchantments

   Spells                             Type                      Level
   a - Cause Fear                     Hexes                        4
   b - Yara's Violent Unravelling     Hexes/Transmutation          5
   c - Silence                        Hexes/Air                    5
   d - Deflect Missiles               Charms/Air                   6
   e - Discord                        Hexes                        8
   Trog disapproves of the use of such an item.
 K - a book of Conjurations

   Spells                             Type                      Level
   a - Magic Dart                     Conjuration                  1
   b - Searing Ray                    Conjuration                  2
   c - Dazzling Spray                 Conjuration/Hexes            3
   d - Fulminant Prism                Conjuration/Hexes            4
   e - Iskenderun's Mystic Blast      Conjuration                  4
   f - Iskenderun's Battlesphere      Conjuration/Charms           5
   Trog disapproves of the use of such an item.
Comestibles
 c - 5 bread rations
 g - 6 meat rations
 r - 12 chunks of flesh
 F - a beef jerky


   Skills:
 + Level 7.2 Fighting
 - Level 12.0 Maces & Flails
 + Level 6.7 Armour
 + Level 6.0 Dodging


You had 8 spell levels left.
You didn't know any spells.

Dungeon Overview and Level Annotations

Branches:
Dungeon (7/15)             Temple (0/1) D:7

Altars:
Elyvilon

Shops:
D:4 [


Innate Abilities, Weirdness & Mutations

You reflexively headbutt those who attack you in melee.
You have a pair of horns on your head.


Message History

You hear a splash.
You see here 2 arrows.
The centaur shoots an arrow.
The arrow barely misses you.
The centaur shoots an arrow.
The arrow barely misses you.
The centaur shoots an arrow.
The arrow closely misses you.
You feel your anger subside.
The centaur shoots an arrow.
The arrow hits you!
* * * LOW HITPOINT WARNING * * *
You hear a splash.
The centaur shoots an arrow.
The arrow closely misses you.
You see here an arrow.
You are no longer berserk.
You are exhausted.
You feel yourself slow down.
The centaur shoots an arrow.
The arrow hits you.
* * * LOW HITPOINT WARNING * * *
You hear a splash.
The centaur shoots an arrow.
The arrow completely misses you.
You hear a splash.
The centaur shoots an arrow.
The arrow hits you!
You die...

.........#.#.......###########.#.
............................. +.
.......###.#..#.##...(###### #.
...≈≈≈..##.#..#.###...## #.
..≈≈§≈≈.##.#...(###(..(## #.
.≈≈≈≈§§≈##.#........(#..## #.
.≈§§>≈≈§##...(((≈≈≈≈≈≈≈≈≈≈≈≈ ##
.≈≈§≈≈≈§.###.#.≈≈≈≈≈≈≈≈≈≈≈≈≈.
..≈≈§§≈......((≈@≈≈≈≈≈≈≈≈≈≈≈.#
#..§§≈..####.#.≈(≈≈≈≈o≈≈≈≈≈≈.#
####.#.....#.#(≈≈≈≈≈o≈≈≈≈≈≈≈.#
####'#+###+#..(≈(≈≈≈o..≈≈≈o≈.#
#............(.≈(≈≈≈c..≈≈≈≈≈
#....).......(.≈(≈≈c...≈≈≈
#..............≈≈≈≈≈≈≈≈≈≈
#..............≈≈≈≈≈≈≈≈≈
#..............≈≈≈≈≈≈≈≈≈


You could see 2 centaurs and 3 orcs.

Vanquished Creatures
  Pikel (D:4)
  The ghost of McKennaii the Magician, a novice DEFE (D:5)
  Grinder (D:4)
  Sigmund (D:5)
  Menkaure (D:7)
  3 ice beasts
  2 slaves (D:4)
  A sky beast (D:6)
  A black bear (D:6)
  A necrophage (D:6)
  2 ogres
  2 big kobolds (Sewer)
  A bullfrog (D:6)
  3 howler monkeys
  A bullfrog zombie (D:6)
  A bullfrog skeleton (D:7)
  A hound (D:4)
  Crazy Yiuf (D:3)
  5 orc wizards
  Jessica (D:3)
  2 iguanas
  Ijyb (D:3)
  2 worker ants
  Natasha (thrice) (D:3)
  A hound zombie (D:6)
  8 adders
  A shadow imp (D:6)
  6 oozes
  5 worms
  A dart slug (D:2)
  4 leopard geckos (D:3)
  20 orcs
  6 ball pythons
  5 giant cockroaches
  8 goblins
  7 hobgoblins
  5 jackals
  A quokka (D:6)
  4 bats
  A jackal skeleton (D:6)
  8 kobolds
  A leopard gecko zombie (D:6)
  A quokka zombie (D:5)
  11 rats
  A fungus (D:3)
144 creatures vanquished.

Vanquished Creatures (others)
  A slave (D:4)
  A giant cockroach (D:4)
2 creatures vanquished.

Grand Total: 146 creatures vanquished

Notes
Turn   | Place    | Note
-------+----------+-------------------------------------------
     0 | D:1      | Keye the Minotaur Berserker began the quest for the Orb.
     0 | D:1      | Reached XP level 1. HP: 19/19 MP: 0/0
   311 | D:1      | Reached skill level 4 in Maces & Flails
   386 | D:1      | Reached XP level 2. HP: 26/26 MP: 1/1
  1181 | D:2      | Reached ** piety under Trog
  1249 | D:2      | Found a white marble altar of Elyvilon.
  1361 | D:2      | Reached skill level 5 in Maces & Flails
  1367 | D:2      | Reached XP level 3. HP: 30/31 MP: 2/2
  1771 | D:3      | Noticed Ijyb
  1772 | D:3      | Noticed Natasha
  1778 | D:3      | Killed Ijyb
  1778 | D:3      | Reached skill level 6 in Maces & Flails
  1778 | D:3      | Reached XP level 4. HP: 39/39 MP: 3/3
  1779 | D:3      | Killed Natasha
  1782 | D:3      | Reached skill level 7 in Maces & Flails
  1782 | D:3      | Reached XP level 5. HP: 45/45 MP: 4/4
  1960 | D:3      | Noticed Natasha
  1964 | D:3      | Killed Natasha
  2091 | D:3      | Found a glowing drain.
  2110 | Sewer    | Entered a sewer
  2186 | Sewer    | Reached *** piety under Trog
  2615 | Sewer    | Reached skill level 8 in Maces & Flails
  2783 | Sewer    | Reached XP level 6. HP: 42/51 MP: 5/5
  3250 | D:3      | Reached skill level 9 in Maces & Flails
  3323 | D:3      | Found a runed door.
  3359 | D:3      | Noticed Natasha
  3364 | D:3      | Killed Natasha
  3518 | D:3      | Noticed Crazy Yiuf
  3525 | D:3      | Killed Crazy Yiuf
  3632 | D:3      | Noticed Jessica
  3641 | D:3      | Killed Jessica
  3798 | D:4      | Noticed Pikel
  3798 | D:4      | Noticed a slave
  3798 | D:4      | Noticed a slave
  3798 | D:4      | Noticed a slave
  3798 | D:4      | Noticed a slave
  3802 | D:4      | Killed a slave
  3806 | D:4      | Killed a slave
  3808 | D:4      | Killed Pikel
  3808 | D:4      | Reached skill level 11 in Maces & Flails
  3808 | D:4      | Reached XP level 7. HP: 57/57 MP: 6/6
  3838 | D:4      | Noticed Grinder
  3841 | D:4      | Paralysed by Grinder for 2 turns
  3849 | D:4      | Killed Grinder
  3849 | D:4      | Reached XP level 8. HP: 55/64 MP: 7/7
  3851 | D:4      | Reached skill level 12 in Maces & Flails
  4011 | D:4      | Found Duogg's Armour Shop.
  4154 | D:4      | Reached **** piety under Trog
  4713 | D:5      | Entered Level 5 of the Dungeon
  4715 | D:5      | Noticed Sigmund
  4725 | D:5      | Killed Sigmund
  4774 | D:5      | Noticed McKennaii's ghost (novice DEFE)
  4778 | D:5      | Killed McKennaii's ghost
  4778 | D:5      | Reached skill level 5 in Fighting
  5076 | D:6      | Reached skill level 5 in Armour
  5076 | D:6      | Reached XP level 9. HP: 59/75 MP: 8/8
  5101 | D:6      | Reached skill level 5 in Dodging
  5720 | D:7      | Noticed Menkaure
  5724 | D:7      | Killed Menkaure
  5788 | D:7      | Reached ***** piety under Trog
  5874 | D:7      | Found a staircase to the Ecumenical Temple.
  5976 | D:7      | HP: 5/118 [centaur/arrow (7)]
  5977 | D:7      | Shot with an arrow by a centaur

Skill      XL: |  1  2  3  4  5  6  7  8  9 |
---------------+----------------------------+-----
Maces & Flails | 4 5 6 7 8 11 12 | 12.0
Fighting       | 5 7 |  7.2
Armour         | 5 6 |  6.7
Dodging        | 4 6 |  6.0

Action                   |  1- 3 |  4- 6 |  7- 9 || total
-------------------------+-------+-------+-------++-------
Melee: Mace              |    77 |   135 |       ||   212
       Headbutt          |     9 |    23 |    36 ||    68
       Whip              |       |       |   175 ||   175
Invok: Berserk           |     1 |     1 |     1 ||     3
  Use: Scroll            |       |       |    11 ||    11
 Stab: Sleeping          |       |       |     1 ||     1
  Eat: Chunk             |     3 |     7 |     8 ||    18
Armor: Animal skin       |    11 |       |       ||    11
       Leather armour    |     9 |    13 |    25 ||    47
Dodge: Dodged            |    47 |    63 |    88 ||   198
